AoeStats
← fRodos_

Hill Fort

506111430Analyzed
2v2 RM · 19d ago on Sep 12, 2026· 21m 35s· 4 players
Game mode
Random Map
Map size
Medium (4 player)
Population
200
Speed
Normal
Resources
Standard
Victory
Conquest
Starting age
Dark Age
Ending age
Imperial Age
RankedLock teamsTeams togetherTeam positionsShared explorationLock speedFull tech treeHidden civsTurbo modeCheats
Victory
Defeat
🇭🇺 Tatars · Hungary
1082
+14
🇭🇺 Teutons · Hungary
1053
+16
🇩🇪 Bulgarians · Germany
1061
-16
🇩🇪 Mongols · Germany
1028
-14
ptric90
9:39 Feudal Age
15:00 Castle Age
13:22 Horse Collar
14:34 Double-Bit Axe
18:57 Fletching
Thoth
10:01 Feudal Age
12:13 Arson
13:41 Scale Mail Armor
15:22 Forging
17:16 Horse Collar
21:37 Castle Age
21:11 Wheelbarrow
21:03 Gold Mining
fRodos_
4:20 Loom
10:56 Feudal Age
11:25 Double-Bit Axe
17:42 Castle Age
17:25 Forging
17:05 Horse Collar
20:37 Scale Barding Armor
22:01 Husbandry
lusza
2:23 Loom
11:02 Feudal Age
11:28 Double-Bit Axe
14:22 Horse Collar
19:18 Castle Age
17:46 Scale Barding Armor
19:06 Bloodlines
19:32 Forging
19:22 Scale Mail Armor
Connection lost

Rejoining the realm…

Still unreachable

The connection could not be restored.

Session expired

The server has moved on; the page needs a fresh start.